 Dungeon Crawl Stone Soup version 0.26-a0-854-gdc81c2f471 (webtiles) character file.

Game seed: 15778941394509375466

2862 Conn the Sneak (level 9, -27/54 (55) HPs)
             Began as an Octopode Fire Elementalist on Nov 24, 2020.
             Was a Follower of Sif Muna.
             Annihilated by an ogre
             ... wielding a +0 giant club
              (30 damage)
             ... on level 8 of the Dungeon.
             The game lasted 00:34:07 (10842 turns).

Conn the Sneak (Octopode Fire Elementalist)        Turns: 10842, Time: 00:34:08

HP:   -27/54 (55)   AC:  1    Str: 11    XL:     9   Next: 75%
MP:   11/18         EV: 14    Int: 20    God:    Sif Muna [*.....]
Gold: 335           SH:  0    Dex: 13    Spells: 2/20 levels left

rFire    . . .     SeeInvis .   o - +3 hand axe of Qesih {vorpal, Str+4}
rCold    . . .     Faith    .   (no shield)
rNeg     . . .     Spirit   .   (helmet restricted)
rPois    +         Reflect  .   (no amulet)
rElec    .         Harm     .   (no ring)
rCorr    .         Rampage  .   (no ring)
MR       .....     Rnd*Rage +   (no ring)
Stlth    ++++......             (no ring)
HPRegen  0.18/turn              (no ring)
MPRegen  0.16/turn              (no ring)
                                (no ring)
                                (no ring)

@: very slightly contaminated
A: almost no armour, stealthy swim, amphibious, 8 rings, constrict 8, camouflage
1, berserk 1, poison resistance, gelatinous body 1
a: Channel Magic, Renounce Religion


You were on level 8 of the Dungeon.
You worshipped Sif Muna.
Sif Muna was aware of your devotion.
You visited 1 branch of the dungeon, and saw 8 of its levels.

You collected 335 gold pieces.

Inventory:

Hand Weapons
 c - a +0 short sword of speed
 e - a +1 dagger of draining
 f - a +2 dagger of electrocution
 h - a +1 short sword
 o - the +3 hand axe of Qesih (weapon) {vorpal, Str+4}
   (You found it on level 7 of the Dungeon)

   It inflicts extra damage upon your enemies.
   It affects your strength (+4).
Missiles
 d - 4 atropa-tipped darts (quivered)
Wands
 k - a wand of paralysis (12)
Scrolls
 a - 3 scrolls of blinking
 b - 4 scrolls of remove curse
 g - 10 scrolls of identify
 j - 3 scrolls of teleportation
 n - a scroll of fog
Potions
 i - a potion of attraction
 l - a potion of mutation
 m - a potion of heal wounds
 p - a potion of flight {unknown}
 q - a potion of curing


   Skills:
 + Level 2.3 Fighting
 + Level 2.5 Short Blades
 + Level 1.1 Throwing
 + Level 3.1 Dodging
 + Level 6.8 Stealth
 + Level 0.3 Unarmed Combat
 * Level 6.2 Spellcasting
 * Level 5.5 Conjurations
 + Level 0.1 Hexes
 + Level 3.6 Summonings
 + Level 3.4 Translocations
 * Level 5.1 Fire Magic
 + Level 1.9 Air Magic
 + Level 1.2 Poison Magic
 + Level 0.1 Evocations


You had 2 spell levels left.
You knew the following spells:

 Your Spells              Type           Power        Failure   Level
a - Foxfire               Conj/Fire      ####         1%          1
b - Conjure Flame         Conj/Fire      ####....     3%          3
c - Inner Flame           Hex/Fire       ###.....     11%         3
d - Blink                 Tloc           N/A          3%          2
e - Call Imp              Summ           ###.....     3%          2
f - Mephitic Cloud        Conj/Pois/Air  ###.....     10%         3
g - Sticky Flame          Conj/Fire      ####....     11%         4

Your spell library contained the following spells:

 Spells                   Type           Power        Failure   Level
 Magic Dart               Conj           ####         1%          1
 Slow                     Hex            #.......     14%         2
 Fireball                 Conj/Fire      ####......   30%         5


Dungeon Overview and Level Annotations

Branches:
Dungeon (8/15)             Temple (0/1) D:7
   Lair: D:8-11

Altars:
Ashenzari
Cheibriados
Dithmenos
Hepliaklqana
Nemelex Xobeh
Okawaru
Qazlal
Ru
Sif Muna
Vehumet
Wu Jian
The Shining One

Annotations:
D:3 Ijyb, Natasha


Innate Abilities, Weirdness & Mutations

You cannot wear most types of armour.
You are very stealthy in the water. (Stealth+)
You are amphibious.
You can wear up to eight rings at the same time.
You can use your tentacles to constrict eight enemies at once.
Your skin changes colour to match your surroundings (Stealth+).
Your rubbery body absorbs attacks. (AC +1, EV +1)
You tend to lose your temper in combat.
Your system is resistant to poisons. (rPois)


Message History

Found an escape hatch in the floor.
You hit the ogre.
The ogre is almost dead.
The ogre hits you with a +0 giant club!!
* * * LOW HITPOINT WARNING * * *
A wight comes into view. It is wielding a +0 short sword.
Unknown command.
Casting: Sticky Flame (dangerous; 11% risk of failure)
Confirm with . or Enter, or press ? or * to list all spells.
Aiming: Sticky Flame (dangerous; 11% risk of failure)
Press: ? - help, Shift-Dir - straight line, f/p - ogre
Aim: an ogre, wielding a +0 giant club (almost dead, 0% to evade)
You miscast Sticky Flame.
You are very lightly contaminated with residual magic.
Nothing appears to happen.
The wight hits you from afar with a +0 trident!
* * * LOW HITPOINT WARNING * * *
The ogre hits you with a +0 giant club!!
Ouch! That really hurt!
You die...

#.........>...
#............#
#............##
#.............
#.............
#............
#...>........
#...@........
###.O.........
#...#z<....#.
#...#.........
#.......z.....
##............
#...#...z....#
##..#....###.#
......<..# #


You could see an ogre and 3 wights.

Vanquished Creatures
  Sigmund (D:5)
  3 phantoms
  A sky beast (D:7)
  An ice beast (D:5)
  A necrophage (D:7)
  A black bear (D:6)
  4 ogres
  A centaur (D:5)
  A gnoll sergeant (D:5)
  4 bullfrogs
  A big kobold (D:7)
  2 scorpions
  4 wights (D:7)
  2 howler monkeys
  2 jellies
  4 orc priests
  A hound (D:4)
  4 orc wizards
  2 bullfrog skeletons
  Natasha (twice) (D:3)
  3 centaur skeletons
  2 worker ants (D:6)
  A hound skeleton (D:4)
  Robin (D:3)
  10 gnolls
  9 adders
  2 white imps
  An ufetubus (D:7)
  An ooze (D:1)
  An adder zombie (D:7)
  8 worms
  2 dart slugs
  3 leopard geckos
  22 orcs
  5 giant cockroaches
  10 goblins
  9 hobgoblins
  4 jackals (D:5)
  3 quokkas
  2 ball pythons
  7 bats
  6 frilled lizards
  9 kobolds
  12 rats
175 creatures vanquished.

Vanquished Creatures (collateral kills)
  2 orcs (D:4)
2 creatures vanquished.

Vanquished Creatures (others)
  A worker ant (D:4)
  492 foxfires
493 creatures vanquished.

Grand Total: 670 creatures vanquished

Notes
Turn   | Place    | Note
-------+----------+-------------------------------------------
     0 | D:1      | Conn the Octopode Fire Elementalist began the quest for the
                  | Orb.
     0 | D:1      | Reached XP level 1. HP: 11/11 MP: 3/3
   373 | D:1      | You fall into a shaft and drop 1 floor!
   406 | D:2      | Reached XP level 2. HP: 17/17 MP: 0/5
   849 | D:2      | Reached XP level 3. HP: 21/21 MP: 4/6
   964 | D:2      | Found a glowing golden altar of the Shining One.
  1196 | D:1      | HP: 1/21 [hobgoblin/+0 club (5)]
  1528 | D:1      | Reached XP level 4. HP: 27/27 MP: 4/7
  2484 | D:2      | Found a hazy altar of Hepliaklqana.
  2709 | D:3      | Learned a level 3 spell: Conjure Flame
  2713 | D:3      | Learned a level 3 spell: Inner Flame
  2721 | D:3      | Gained mutation: You tend to lose your temper in combat.
                  | [potion of mutation]
  2721 | D:3      | Gained mutation: Your system is resistant to poisons.
                  | (rPois) [potion of mutation]
  3138 | D:3      | Found a stormy altar of Qazlal.
  3138 | D:3      | Found a sparkling altar of Nemelex Xobeh.
  3196 | D:3      | Reached XP level 5. HP: 19/31 MP: 2/9
  3576 | D:3      | Noticed Natasha
  3588 | D:3      | Killed Natasha
  3596 | D:3      | Learned a level 2 spell: Blink
  3672 | D:3      | Noticed Robin
  3849 | D:3      | Noticed Natasha
  3859 | D:3      | Killed Natasha
  3860 | D:3      | Reached XP level 6. HP: 25/36 MP: 8/10
  4013 | D:3      | Learned a level 2 spell: Call Imp
  4147 | D:3      | Found an ornate altar of the Wu Jian Council.
  4147 | D:3      | Found an iron altar of Okawaru.
  4147 | D:3      | Noticed Ijyb
  4147 | D:3      | Noticed Natasha
  4325 | D:3      | Killed Robin
  4468 | D:4      | Reached skill level 5 in Stealth
  4577 | D:4      | Found a broken altar of Ashenzari.
  4754 | D:4      | Reached skill level 1 in Summonings
  4754 | D:4      | Reached skill level 1 in Translocations
  4830 | D:4      | Reached XP level 7. HP: 32/42 MP: 8/12
  5325 | D:5      | Entered Level 5 of the Dungeon
  5352 | D:5      | Noticed Sigmund
  5360 | D:5      | Killed Sigmund
  5361 | D:5      | Reached skill level 1 in Short Blades
  5523 | D:5      | Reached XP level 8. HP: 47/47 MP: 14/14
  6024 | D:5      | Reached skill level 1 in Fighting
  6234 | D:5      | Reached skill level 1 in Throwing
  6404 | D:5      | Reached skill level 5 in Spellcasting
  6797 | D:5      | Learned a level 3 spell: Mephitic Cloud
  7574 | D:5      | Found a shimmering blue altar of Sif Muna.
  7582 | D:5      | Became a worshipper of Sif Muna the Loreminder
  8070 | D:6      | Found a radiant altar of Vehumet.
  8082 | D:6      | Reached XP level 9. HP: 38/53 MP: 12/17
  8140 | D:6      | Reached skill level 5 in Fire Magic
  8571 | D:6      | Reached * piety under Sif Muna
  8656 | D:6      | Reached skill level 1 in Air Magic
  9258 | D:7      | Found a snail-covered altar of Cheibriados.
  9282 | D:6      | Learned a level 4 spell: Sticky Flame
  9551 | D:7      | Found a sacrificial altar of Ru.
 10094 | D:7      | Reached skill level 5 in Conjurations
 10104 | D:7      | Reached skill level 1 in Poison Magic
 10637 | D:7      | Found a staircase to the Ecumenical Temple.
 10638 | D:7      | Got a crude hand axe
 10639 | D:7      | Identified the +3 hand axe of Qesih {vorpal, Str+4} (You
                  | found it on level 7 of the Dungeon)
 10655 | D:7      | Found a shadowy altar of Dithmenos.
 10842 | D:8      | Annihilated by an ogre

Illustrated notes

Levels and vault maps discovered:
D:1:      dpeg_arrival_arbitrary_a, layout_loops_ring, nrook_campfire
D:2:      layout_rooms, lemuel_coloured_pillars_altar,
          nicolae_tso_carved_into_rock
D:3:      layout_loops_cross, nicolae_overflow_hidden_temple, uniq_ijyb,
          uniq_robin, uniq_natasha
D:4:      layout_gridville, general_overflow_altar
D:5:      layout_layer_cave, marbit_many_paths, uniq_sigmund
D:6:      layout_loops_cross, lemuel_doored_altar, cheibrodos_sewer_entry_bend,
          minmay_between
D:7:      layout_rooms, lemuel_round_altar, cheibriados_altar_1,
          overflow_temple_1_default, minmay_temple_entry_grid
D:8:      layout_cave_pools, elyvilon_altar_3, lair_entry_dummy

Skill      XL: |  1  2  3  4  5  6  7  8  9 |
---------------+----------------------------+-----
Stealth        | 3 4 5 6 |  6.8
Fire Magic     | 4 5 |  5.1
Conjurations   | 2 3 4 5 |  5.5
Spellcasting   | 3 4 5 6 |  6.2
Summonings     | 1 2 3 |  3.6
Translocations | 1 2 3 |  3.4
Short Blades   | 1 2 |  2.5
Fighting       | 1 2 |  2.3
Throwing       | 1 |  1.1
Air Magic      | 1 |  1.9
Poison Magic   | 1 |  1.2
Dodging        | 3 |  3.1
Unarmed Combat | |  0.3
Hexes          | |  0.1
Evocations     | |  0.1

Action                   |  1- 3 |  4- 6 |  7- 9 || total
-------------------------+-------+-------+-------++-------
Melee: Unarmed           |    17 |       |       ||    17
       Constrict         |     4 |    16 |    41 ||    61
       Tentacles         |     1 |     3 |    24 ||    28
       Short sword       |       |    20 |    38 ||    58
       Dagger            |       |    25 |    99 ||   124
       Hand axe          |       |       |     7 ||     7
Throw: Dart              |     2 |     2 |     3 ||     7
 Cast: Foxfire           |    42 |    73 |   162 ||   277
       Conjure Flame     |       |     2 |     1 ||     3
       Blink             |       |       |    10 ||    10
       Call Imp          |       |       |     5 ||     5
       Mephitic Cloud    |       |       |    13 ||    13
       Inner Flame       |       |       |     1 ||     1
       Sticky Flame      |       |       |     1 ||     1
Evoke: Wand              |       |       |     4 ||     4
  Use: Potion            |     3 |     4 |     5 ||    12
       Scroll            |     2 |     3 |     7 ||    12
 Stab: Sleeping          |     3 |     7 |    14 ||    24
       Confused          |       |       |     3 ||     3
Armor: Skin              |     5 |     5 |     7 ||    17
Dodge: Dodged            |    28 |    47 |   118 ||   193

Table legend: (Time is in decaauts)
 A = Elapsed time spent in this place.
 B = Non-inter-level travel time spent in this place.
 C = Inter-level travel time spent in this place.
 D = Time resting spent in this place.
 E = Time spent auto-exploring this place.
 F = Levels seen in this place.
 G = Mean time per level.
                   A        B        C        D        E       F      G
               +--------+--------+--------+--------+--------+-----+--------+
         Total |  10844 |  10605 |    239 |   2625 |   4712 |   8 | 1355.5 |
       Dungeon |  10844 |  10605 |    239 |   2625 |   4712 |   8 | 1355.5 |
               +--------+--------+--------+--------+--------+-----+--------+

Top non-repeatable levels by time:
     D:5: 2245 daAuts
     D:6: 2113 daAuts
     D:1: 1682 daAuts
     D:2: 1361 daAuts
     D:3: 1351 daAuts
     D:4: 1147 daAuts
     D:7: 928 daAuts
     D:8: 14 daAuts
